 Dungeon Crawl Stone Soup version 0.17-a0-1397-g0eee0a3 (webtiles) character file.

306271 nuthulu the Slayer (level 21, 0/225 HPs)
             Began as a Gargoyle Fighter on June 17, 2015.
             Was the Champion of Okawaru.
             Killed from afar by an acid blob (1 damage)
             ... with a splash of acid
             ... created by the royal jelly
             ... on level 6 of the Pits of Slime.
             The game lasted 02:45:38 (53280 turns).

nuthulu the Slayer (Gargoyle Fighter)              Turns: 53280, Time: 02:45:38

Health: 0/225      AC: 33    Str: 35    XL:     21   Next: 15%
Magic:  21/21      EV: 20    Int: 10    God:    Okawaru [******]
Gold:   2391       SH: 21    Dex: 15    Spells: 0 memorised, 20 levels left

rFire  + + +     SeeInvis +     m - +7 demon whip "Lavefeq" {elec, MR+ SInv}
rCold  + + .     Clarity  .     Q - +1 chain mail of Mysticism {rCorr Str+2 Dex+5}
rNeg   + . .     SustAt   .     W - +4 shield of Spite {rPois rC+}
rPois  ∞         Gourm    .     x - +0 helmet {rF+}
rElec  +         Spirit   .     M - +2 cloak
rCorr  +         Warding  .     T - +1 pair of gloves {archery}
rMut   +         Stasis   .     i - +1 pair of boots {run}
MR     +++..                    J - amulet of resist mutation
Stlth  ..........               R - ring of protection from fire
                                n - ring of protection from magic

@: berserking (expiring), resistant, heroism, corroded equipment, flying, very
quick, extremely resistant to hostile enchantments, extremely unstealthy
A: big wings, negative energy resistance 1, electricity resistance, unbreathing,
petrification resistance, rot immunity, AC +15
a: Stop Flying, Heroism, Finesse, Renounce Religion
}: 2/15 runes: decaying, serpentine


You were on level 6 of the Pits of Slime.
You worshipped Okawaru.
Okawaru was exalted by your worship.
You were not hungry.

You visited 8 branches of the dungeon, and saw 44 of its levels.
You also visited: Volcano.

You collected 3808 gold pieces.
You spent 1417 gold pieces at shops.

Inventory:

Hand weapons
 m - the +7 demon whip "Lavefeq" (weapon) {elec, MR+ SInv}
   (Okawaru gifted it to you on level 1 of the Snake Pit)

   Occasionally, upon striking a foe, it will discharge some electrical energy
   and cause terrible harm.
   It affects your resistance to hostile enchantments.
   It lets you see invisible.
 s - the +6 mace of Earthquakes {freeze, +Inv MR++ Dex+4}
   (Okawaru gifted it to you on level 4 of the Snake Pit)

   It has been specially enchanted to freeze those struck by it, causing extra
   injury to most foes and up to half again as much damage against particularly
   susceptible opponents.
   It can also slow down cold-blooded creatures.
   It affects your dexterity (+4).
   It affects your resistance to hostile enchantments.
   It lets you turn invisible.
 t - the +8 great mace "Joruecy" {venom, +Fly rPois rF+}
   (You acquired it on level 8 of the Lair of Beasts)

   It poisons the flesh of those it strikes.
   It protects you from fire.
   It protects you from poison.
   It lets you fly.
 C - the +1 broad axe "Giant's Doom" {speed, Int+5}
   (Okawaru gifted it to you on level 4 of the Swamp)

   Attacks with this weapon are significantly faster.
   It affects your intelligence (+5).
 Z - a +4 eveningstar of venom
Armour
 i - a +1 pair of boots of running (worn)
 o - a +2 plate armour of cold resistance
 x - a +0 helmet of fire resistance (worn)
 z - a +2 helmet of see invisible
 M - a +2 cloak (worn)
 Q - the +1 chain mail of Mysticism (worn) {rCorr Str+2 Dex+5}
   (Okawaru gifted it to you on level 4 of the Lair of Beasts)

   It affects your strength (+2).
   It affects your dexterity (+5).
   It protects you from acid and corrosion.
 T - a +1 pair of gloves of archery (worn)
 W - the +4 shield of Spite (worn) {rPois rC+}
   (You acquired it on level 7 of the Lair of Beasts)

   It protects you from cold.
   It protects you from poison.
Jewellery
 k - the cursed ring of Symmetry {rElec rPois rN++ Int-2}
   (You bought it in a shop on level 12 of the Dungeon)

   [ring of intelligence]

   It affects your intelligence (-2).
   It insulates you from electricity.
   It protects you from poison.
   It greatly protects you from negative energy.
   It has a curse placed upon it.
 n - a ring of protection from magic (left hand)
 v - an uncursed amulet of warding
 F - an uncursed ring of fire
 I - an uncursed amulet of clarity
 J - an amulet of resist mutation (around neck)
 N - an uncursed ring of protection from cold
 R - a ring of protection from fire (right hand)
Magical devices
 c - a wand of digging (15)
 j - a wand of polymorph (12)
 q - a wand of paralysis (3)
 w - a wand of invisibility (5)
 y - a wand of digging (8)
 V - a wand of polymorph (13)
Scrolls
 l - a scroll of fog
 r - 11 scrolls of teleportation
 u - 16 scrolls of remove curse
 D - 10 scrolls of identify
 G - 5 scrolls of amnesia
 O - a scroll of holy word
 P - 4 scrolls of recharging
 S - 5 scrolls of blinking
 X - a scroll of summoning
 Y - 6 scrolls of magic mapping
Potions
 a - 5 potions of invisibility
 b - 7 potions of agility
 f - 6 potions of brilliance
 h - 14 potions of curing
 p - 2 potions of cancellation
 A - 2 potions of haste
 B - 3 potions of heal wounds
 H - a potion of resistance
 K - a potion of magic
Books
 U - a book of Spatial Translocations

   Spells                             Type                      Level
   a - Apportation                    Translocation                1
   b - Blink                          Translocation                2
   c - Shroud of Golubria             Charms/Translocation         2
   d - Portal Projectile              Translocation                3
   e - Teleport Other                 Translocation                3
   f - Passage of Golubria            Translocation                4
Comestibles
 e - 10 bread rations
 g - 11 meat rations
 L - 6 fruits


   Skills:
 + Level 21.7(26.7) Fighting
 + Level 18.5(23.5) Maces & Flails
 - Level 15.3(20.3) Armour
 - Level 12.5(17.5) Dodging
 - Level 15.0(20.0) Shields


You had 20 spell levels left.
You didn't know any spells.

Dungeon Overview and Level Annotations

Branches:
Dungeon (15/15)            Temple (1/1) D:7            Lair (8/8) D:10
  Swamp (4/4) Lair:4        Snake (4/4) Lair:4        Slime (6/6) Lair:8
    Orc (4/4) D:10            Elf (2/3) Orc:4        Vaults (0/5) D:14
 Depths (0/5) D:15

Altars:
Ashenzari
Cheibriados
Dithmenos
Elyvilon
Fedhas
Gozag
Kikubaaqudgha
Nemelex Xobeh
Okawaru
Sif Muna
Xom
Yredelemnul
Zin
Beogh
Jiyva

Shops:
D:9 ?   D:12 =   Orc:2 %   Orc:4 }([*}:

Annotations:
D:10 1 runed door
Lair:7 exclusion: 2 oklob plants
Swamp:1 Uberwunderbarhen's ghost, mighty TrMo


Innate Abilities, Weirdness & Mutations

You are resistant to torment.
Your stone body is resilient (AC +15).
You are immune to poison.
Your large and strong wings let you fly indefinitely.
You resist negative energy.
You are resistant to electric shocks.
You can survive without breathing.
You are immune to petrification.
You are immune to rotting.


Message History

* * * LOW HITPOINT WARNING * * *
The azure jelly hits you but does no damage.
The azure jelly closely misses you.
You are too berserk!
Unknown command.
You barely miss the azure jelly.
The azure jelly is heavily wounded.
The azure jelly barely misses you. You block the azure jelly's attack.
The azure jelly completely misses you.
The azure jelly hits you but does no damage. x2
You block the azure jelly's attack. x2
The azure jelly hits you but does no damage. x3
You block the azure jelly's attack. The azure jelly hits you.
* * * LOW HITPOINT WARNING * * *
Unknown command.
You thrash the azure jelly!!
The azure jelly is severely wounded.
The acid blob spits acid at you. The splash of acid hits you! You resist.
You die...

##....##.##......
###................
##..................
#...................
##...................
#....................
##...J................
##..JJJJJ..............
.##...JJ@JJ..............
#......JJJJ...............
#.......JJJ...............
..........................
..........................
..........................
.........G......####.#####
...............## #..# #
.............## ##.#


You could see 4 acid blobs, 8 azure jellies, 5 death oozes and a golden eye.

Vanquished Creatures
  the royal jelly (Slime:6)
  Vashnia (Snake:2)
  Nikola (Elf:1)
  Rupert (Lair:3)
  A deep elf blademaster (Elf:2)
  17 acid blobs
  3 thorn hunters
  Gastronok (Lair:1)
  Agnes (Snake:2)
  Frances (D:12)
  7 greater nagas
  11 azure jellies
  Donald (Elf:1)
  Maud (Orc:3)
  Aizul (Snake:1)
  The ghost of Uberwunderbarhen the Eclecticist, a mighty DEFE of Vehumet (Swamp:1)
  Nessos (Lair:8)
  2 dire elephants
  Azrael (D:12)
  A vault guard (D:14)
  A deep elf death mage (Elf:1)
  A fire dragon (Lair:8)
  8 death oozes
  19 hydras
  5 great orbs of eyes
  19 naga warriors
  13 anacondas
  A ghost crab (Swamp:4)
  Erica (D:8)
  4 ogre magi (Orc:4)
  17 dancing weapons (Elf:2)
  A centaur warrior (D:14)
  The ghost of Fluffy the Basher, a powerful GrFi of Okawaru (D:11)
  3 catoblepae
  3 alligators
  15 death yaks
  A tengu warrior (D:15)
  16 naga sharpshooters
  11 shock serpents
  Nergalle (D:10)
  13 deep elf knights
  4 skeletal warriors (D:11)
  8 salamander mystics
  2 unseen horrors
  A spriggan druid (Swamp:4)
  8 swamp dragons (Swamp:4)
  8 deep elf summoners
  2 giant orange brains
  A shambling mangrove (Swamp:4)
  5 hill giants
  A necromancer (Elf:1)
  Pikel (D:3)
  8 deep elf conjurers
  9 naga ritualists
  An orc knight (D:11)
  An orc sorcerer (Orc:4)
  5 lindwurms
  A large abomination (Elf:1)
  A wolf spider (D:15)
  6 griffons
  An ugly thing (D:12)
  2 cyclopes
  19 mana vipers
  4 manticores (D:15)
  An octopode (shapeshifter) (D:14)
  15 salamanders
  A hornet (Swamp:2)
  2 shining eyes
  16 elephants
  3 toenail golems (Volcano)
  28 naga magi
  12 guardian serpents
  Maurice (D:11)
  2 eyes of devastation
  38 black mambas
  18 spiny frogs
  2 gargoyles
  5 fire drakes
  The ghost of HEYYEYAAE the Gusty, an experienced HuAE of Vehumet (D:6)
  16 komodo dragons
  A small abomination (Elf:2)
  An efreet (D:14)
  8 deep elf priests
  A tengu conjurer (D:14)
  A polar bear (Lair:8)
  9 trolls
  4 giant leeches
  13 blink frogs
  3 bog bodies
  75 slime creatures
  2 freezing wraiths (D:14)
  16 two-headed ogres
  A trapdoor spider zombie (D:14)
  A shadow (D:11)
  2 wraiths
  5 humans (Volcano)
  9 deep elf fighters
  4 golden eyes (Slime:1)
  3 wyverns
  6 deep elf magi
  55 yaks
  2 spriggans
  2 steam dragons
  6 basilisks
  5 mottled dragons
  Grum (D:8)
  2 fire elementals
  12 hippogriffs
  4 vampire mosquitoes
  A hungry ghost (D:15)
  50 nagas
  Edmund (D:4)
  9 insubstantial wisps
  A soldier ant (D:14)
  3 wargs
  14 swamp worms
  9 wolves
  26 water moccasins
  3 ice beasts
  2 hell hounds
  17 orc warriors
  2 necrophages
  5 wasps
  23 ogres
  7 sky beasts
  14 swamp drakes
  20 porcupines
  4 phantoms
  15 centaurs
  5 eyes of draining
  12 crocodiles
  5 elf zombies (Elf:1)
  14 big kobolds
  13 giant frogs
  4 scorpions
  A water moccasin skeleton (D:9)
  4 electric eels
  31 killer bees
  5 wights (D:9)
  7 crimson imps
  A wasp zombie (D:9)
  2 quasits
  7 hounds
  2 centaur zombies
  46 jellies
  2 centaur skeletons
  3 giant frog skeletons
  17 orc priests
  9 iguanas
  6 hell rats (Lair:4)
  Natasha (thrice) (D:2)
  26 orc wizards
  A sheep (Lair:7)
  15 worker ants
  A hound skeleton (D:10)
  2 worker ant zombies
  Robin (D:1)
  7 gnolls
  5 adders
  33 river rats
  2 shadow imps
  5 oozes
  5 worms
  An adder skeleton (D:6)
  9 giant geckos
  121 orcs
  2 bat skeletons
  2 bat zombies (D:6)
  12 giant cockroaches
  23 goblins
  17 hobgoblins
  13 jackals
  35 kobolds
  A ball python (D:3)
  23 bats
  A giant cockroach zombie (D:6)
  9 giant newts
  A jackal skeleton (D:6)
  8 quokkas
  A quokka skeleton (D:8)
  15 rats
  2 briar patches (Swamp:2)
  A plant (Lair:8)
1548 creatures vanquished.

Vanquished Creatures (others)
  A naga warrior (Snake:4)
  A naga sharpshooter (Snake:4)
  A spiny frog (Lair:8)
  A centaur skeleton (D:14)
  A wandering mushroom (Slime:1)
  A human (Volcano)
  A naga (Snake:4)
  A crocodile (Lair:8)
  A hound (D:4)
  An adder (D:10)
  An orc (D:4)
  A kobold (D:8)
  A briar patch (Swamp:2)
  A fungus (Lair:4)
  A plant (Lair:3)
  13 toadstools (Lair:7)
28 creatures vanquished.

Grand Total: 1576 creatures vanquished

Notes
Turn   | Place    | Note
--------------------------------------------------------------
     0 | D:1      | nuthulu the Gargoyle Fighter began the quest for the Orb.
     0 | D:1      | Reached XP level 1. HP: 14/14 MP: 1/1
   302 | D:1      | Reached XP level 2. HP: 18/20 MP: 2/2
   697 | D:2      | Noticed Robin
   715 | D:1      | Reached skill level 4 in Fighting
   779 | D:1      | Reached XP level 3. HP: 24/24 MP: 3/3
   918 | D:1      | Killed Robin
  1292 | D:2      | Noticed Natasha
  1305 | D:2      | Killed Natasha
  1305 | D:2      | Reached XP level 4. HP: 20/30 MP: 4/4
  1393 | D:2      | Noticed Natasha
  1401 | D:2      | Killed Natasha
  1536 | D:2      | Noticed Natasha
  1539 | D:2      | Killed Natasha
  1870 | D:3      | Reached skill level 5 in Fighting
  1881 | D:3      | Reached XP level 5. HP: 23/35 MP: 5/5
  2223 | D:3      | Found a basalt altar of Yredelemnul.
  2226 | D:3      | Found a white marble altar of Elyvilon.
  2227 | D:3      | Found a sparkling altar of Nemelex Xobeh.
  2228 | D:3      | Found a deep blue altar of Sif Muna.
  2228 | D:3      | Found a blossoming altar of Fedhas.
  2228 | D:3      | Found a shadowy altar of Dithmenos.
  2786 | D:3      | Found a deep blue altar of Sif Muna.
  3029 | D:4      | Reached XP level 6. HP: 34/41 MP: 6/6
  3054 | D:4      | Noticed Edmund
  3142 | D:4      | Killed Edmund
  3142 | D:4      | Reached skill level 6 in Fighting
  3142 | D:4      | Reached skill level 5 in Maces & Flails
  3490 | D:4      | Reached XP level 7. HP: 44/47 MP: 7/7
  3546 | D:4      | Noticed a slave
  3565 | D:4      | Noticed a slave
  3566 | D:4      | Noticed Pikel
  3566 | D:4      | Noticed a slave
  3694 | D:3      | Killed Pikel
  3694 | D:3      | Reached skill level 7 in Fighting
  3694 | D:3      | Reached XP level 8. HP: 30/54 MP: 8/8
  3842 | D:4      | Noticed a freed slave
  4087 | D:4      | Reached skill level 8 in Fighting
  4590 | D:5      | Entered Level 5 of the Dungeon
  5114 | D:5      | Reached skill level 9 in Fighting
  5496 | D:6      | Noticed HEYYEYAAE's ghost (experienced HuAE)
  5513 | D:6      | Killed HEYYEYAAE's ghost
  5513 | D:6      | Reached XP level 9. HP: 55/61 MP: 9/9
  5789 | D:6      | Reached skill level 10 in Fighting
  6697 | D:6      | Noticed a hill giant
  6731 | D:6      | Killed a hill giant
  6968 | D:6      | Reached skill level 11 in Fighting
  7122 | D:7      | Reached XP level 10. HP: 69/69 MP: 10/10
  7135 | D:7      | Found a staircase to the Ecumenical Temple.
  7151 | Temple   | Entered the Ecumenical Temple
  7156 | Temple   | Became a worshipper of Warmaster Okawaru
  7196 | D:7      | Reached skill level 10 in Maces & Flails
  7361 | D:7      | Noticed a hill giant
  7376 | D:7      | Killed a hill giant
  7376 | D:7      | Acquired Okawaru's first power
  8081 | D:8      | Noticed Erica
  8092 | D:8      | Killed Erica
  8092 | D:8      | Reached skill level 12 in Fighting
  8844 | D:8      | Found an opulent altar of Gozag.
  8894 | D:8      | Reached XP level 11. HP: 73/76 MP: 11/11
  8968 | D:8      | Noticed Grum
  8980 | D:8      | Killed Grum
  8980 | D:8      | Reached skill level 13 in Fighting
  9507 | D:9      | Found Jeykid's Magic Scroll Emporium.
  9519 | D:9      | Bought a scroll of enchant weapon for 90 gold pieces
  9519 | D:9      | Bought a scroll of identify for 24 gold pieces
  9519 | D:9      | Bought a scroll of identify for 24 gold pieces
  9519 | D:9      | Bought a scroll of identify for 24 gold pieces
  9519 | D:9      | Bought a scroll of identify for 24 gold pieces
 10138 | D:10     | Entered Level 10 of the Dungeon
 10555 | D:10     | Found a staircase to the Lair.
 10780 | D:10     | Found a staircase to the Orcish Mines.
 10907 | D:10     | Found a runed door.
 10924 | D:10     | Found a runed door.
 11416 | Lair:1   | Entered Level 1 of the Lair of Beasts
 11429 | Lair:1   | Noticed Gastronok
 11430 | Lair:1   | Noticed Nergalle
 11493 | D:10     | Killed Nergalle
 11559 | Lair:1   | Killed Gastronok
 11559 | Lair:1   | Acquired Okawaru's second power
 11559 | Lair:1   | Reached skill level 14 in Fighting
 11580 | Lair:1   | Reached XP level 12. HP: 52/86 MP: 12/12
 12982 | Lair:2   | Identified a scroll of acquirement
 13309 | Lair:2   | Noticed a six-headed hydra
 13317 | Lair:2   | Killed a six-headed hydra
 13484 | Lair:2   | Found a shadowy altar of Dithmenos.
 13514 | Lair:2   | Reached skill level 15 in Fighting
 14444 | Lair:3   | Found a dark tunnel.
 14450 | Volcano  | Entered a volcano
 14863 | Lair:3   | Received a gift from Okawaru
 14993 | Lair:3   | Reached skill level 5 in Armour
 15011 | Lair:3   | Reached skill level 5 in Shields
 15123 | Lair:3   | Reached XP level 13. HP: 90/92 MP: 13/13
 15600 | Lair:3   | Noticed Rupert
 15633 | Lair:3   | Killed Rupert
 15843 | Lair:3   | Got a pitted shield
 15854 | Lair:3   | Identified the -3 shield "Xyt Mios" {Slay+3 Stlth+} (You found it on level 3 of the Lair of Beasts)
 16593 | Lair:4   | Received a gift from Okawaru
 16596 | Lair:4   | Got a distressingly furry chain mail {god gift}
 16621 | Lair:4   | Identified the +1 chain mail of Mysticism {rCorr Str+2 Dex+5} (Okawaru gifted it to you on level 4 of the Lair of Beasts)
 16866 | Lair:4   | Found a staircase to the Swamp.
 16942 | Lair:4   | Found a staircase to the Snake Pit.
 18298 | Lair:5   | Gained mutation: Your large and strong wings let you fly indefinitely. [Gargoyle growth]
 18298 | Lair:5   | Reached XP level 14. HP: 86/98 MP: 14/14
 18502 | Lair:5   | Reached skill level 10 in Shields
 18596 | Lair:5   | Reached skill level 10 in Armour
 18625 | Lair:5   | Received a gift from Okawaru
 19193 | Lair:6   | Got a twisted great mace
 19200 | Lair:6   | Identified the +1 great mace "Daik" {crush, Str+4} (You acquired it on level 6 of the Lair of Beasts)
 20520 | Lair:7   | Noticed Nessos
 21016 | Lair:7   | Got a pitted shield
 21027 | Lair:7   | Identified the +4 shield of Spite {rPois rC+} (You acquired it on level 7 of the Lair of Beasts)
 21079 | Lair:7   | Received a gift from Okawaru
 21980 | Lair:7   | Reached XP level 15. HP: 103/103 MP: 15/15
 22121 | Lair:7   | Found a staircase to the Slime Pits.
 22583 | Lair:8   | Entered Level 8 of the Lair of Beasts
 22727 | Lair:8   | Found a staircase to the Slime Pits.
 22891 | Lair:8   | Killed Nessos
 23749 | Lair:8   | Got a shimmering great mace
 23756 | Lair:8   | Identified the +8 great mace "Joruecy" {venom, +Fly rPois rF+} (You acquired it on level 8 of the Lair of Beasts)
 24233 | Orc:1    | Entered Level 1 of the Orcish Mines
 24746 | Orc:2    | Found Ojawnof's Food Boutique.
 24759 | Orc:2    | Bought a bread ration for 65 gold pieces
 25338 | Orc:3    | Noticed Maud
 25363 | Orc:3    | Killed Maud
 25489 | Orc:3    | Found a roughly hewn altar of Beogh.
 25953 | Orc:4    | Entered Level 4 of the Orcish Mines
 26109 | Orc:4    | Found Xetoowki's Quality Used Wands.
 26456 | Orc:4    | Received a gift from Okawaru
 26627 | Orc:4    | Found a staircase to the Elven Halls.
 26642 | Orc:4    | Reached skill level 16 in Fighting
 26664 | Orc:4    | Found Naod's Book Shop.
 26867 | Orc:4    | Found Resch's General Store.
 26867 | Orc:4    | Found Foraipte's Antique Weapon Shoppe.
 26868 | Orc:4    | Found Meydotun's Gadget Emporium.
 26868 | Orc:4    | Found Zaruumyk's Antique Armour Boutique.
 26937 | Orc:4    | Bought a bloodstained plate armour for 644 gold pieces
 26941 | Orc:4    | Identified the +3 plate armour of the Jabberwock {rPois MP+9 Int-5} (You bought it in a shop on level 4 of the Orcish Mines)
 27228 | D:11     | Noticed Maurice
 27246 | D:11     | Killed Maurice
 27302 | D:11     | Gained mutation: You can spit weak poison. [potion of beneficial mutation]
 27303 | D:11     | Lost mutation: You can spit weak poison. [potion of beneficial mutation]
 27528 | D:11     | Noticed Fluffy's ghost (powerful GrFi)
 27562 | D:11     | Killed Fluffy's ghost
 28000 | D:11     | Gained mutation: You have a pair of small horns on your head. [mutagenic meat]
 28001 | D:11     | Gained mutation: You are partially covered in iridescent scales (AC +4). [mutagenic meat]
 28002 | D:11     | Gained mutation: You are partially covered in large bone plates (AC +2, SH +2). [mutagenic meat]
 28003 | D:11     | Gained mutation: You expend magic power (3 MP) to strengthen your wands. [mutagenic meat]
 28007 | D:11     | Lost mutation: You have a pair of small horns on your head. [potion of cure mutation]
 28007 | D:11     | Lost mutation: You expend magic power (3 MP) to strengthen your wands. [potion of cure mutation]
 28007 | D:11     | Lost mutation: You are partially covered in large bone plates (AC +2, SH +2). [potion of cure mutation]
 28007 | D:11     | Lost mutation: You are partially covered in iridescent scales (AC +4). [potion of cure mutation]
 29006 | D:12     | Noticed Azrael
 29025 | D:12     | Killed Azrael
 29379 | D:12     | Received a gift from Okawaru
 29592 | D:12     | Reached XP level 16. HP: 108/111 MP: 16/16
 29794 | D:12     | Found Meestaic's Jewellery Boutique.
 29797 | D:12     | Bought the cursed ring of Symmetry {rElec rPois rN++ Int-2} for 327 gold pieces
 29797 | D:12     | Bought an uncursed amulet of warding for 195 gold pieces
 29809 | D:12     | Noticed Frances
 29825 | D:12     | Killed Frances
 30671 | D:13     | Found a white marble altar of Elyvilon.
 31969 | D:14     | Reached skill level 17 in Fighting
 32290 | D:14     | Found a gate to the Vaults.
 32863 | D:14     | Reached skill level 15 in Armour
 32930 | D:15     | Entered Level 15 of the Dungeon
 33406 | D:15     | Found a staircase to the Depths.
 34222 | Snake:1  | Entered Level 1 of the Snake Pit
 34469 | Snake:1  | Received a gift from Okawaru
 34483 | Snake:1  | Got a warped demon whip {god gift}
 34521 | Snake:1  | Identified the +7 demon whip "Lavefeq" {elec, MR+ SInv} (Okawaru gifted it to you on level 1 of the Snake Pit)
 34855 | Snake:1  | Noticed Aizul
 34874 | Snake:1  | Killed Aizul
 34874 | Snake:1  | Reached skill level 15 in Shields
 34932 | Snake:1  | Reached skill level 1 in Dodging
 35391 | Snake:2  | Received a gift from Okawaru
 35408 | Snake:2  | Reached XP level 17. HP: 119/119 MP: 17/17
 35446 | Snake:2  | Identified a +0 pair of boots of running (Okawaru gifted it to you on level 2 of the Snake Pit)
 35620 | Snake:2  | Noticed Vashnia
 35704 | Snake:2  | Reached skill level 5 in Dodging
 35951 | Snake:2  | Killed Vashnia
 36971 | Snake:3  | Noticed Agnes
 36997 | Snake:2  | Killed Agnes
 37809 | Snake:3  | Received a gift from Okawaru
 37885 | Snake:3  | Received a gift from Okawaru
 38332 | Snake:4  | Entered Level 4 of the Snake Pit
 38533 | Swamp:1  | Entered Level 1 of the Swamp
 38566 | Swamp:1  | Reached skill level 10 in Dodging
 38696 | Swamp:1  | Noticed Uberwunderbarhen's ghost (mighty TrMo)
 38787 | Swamp:1  | Noticed Uberwunderbarhen's ghost (mighty DEFE)
 38815 | Swamp:1  | Killed Uberwunderbarhen's ghost
 39265 | Swamp:2  | Reached XP level 18. HP: 80/124 MP: 18/18
 40842 | Swamp:4  | Entered Level 4 of the Swamp
 41354 | Swamp:4  | Received a gift from Okawaru
 41379 | Swamp:4  | Got a faintly glowing broad axe {god gift}
 41380 | Swamp:4  | Identified the +1 broad axe "Giant's Doom" {speed, Int+5} (Okawaru gifted it to you on level 4 of the Swamp)
 41700 | Swamp:4  | Got a decaying rune of Zot
 42581 | Snake:4  | Reached skill level 18 in Fighting
 42958 | Snake:4  | Received a gift from Okawaru
 43458 | Snake:4  | Received a gift from Okawaru
 43458 | Snake:4  | Reached skill level 15 in Maces & Flails
 43481 | Snake:4  | Reached XP level 19. HP: 66/132 MP: 19/19
 43750 | Snake:4  | Received a gift from Okawaru
 43756 | Snake:4  | Got a fine mace {god gift}
 43757 | Snake:4  | Identified the +6 mace of Earthquakes {freeze, +Inv MR++ Dex+4} (Okawaru gifted it to you on level 4 of the Snake Pit)
 44110 | Snake:4  | Reached skill level 19 in Fighting
 44674 | Snake:4  | Received a gift from Okawaru
 44689 | Snake:4  | Got a transparent large shield {god gift}
 44695 | Snake:4  | Identified the +8 large shield of the Leaf {MR+} (Okawaru gifted it to you on level 4 of the Snake Pit)
 44866 | Snake:4  | Got a serpentine rune of Zot
 45335 | Elf:1    | Entered Level 1 of the Elven Halls
 45663 | Elf:1    | Found a deep blue altar of Sif Muna.
 45974 | Elf:1    | Noticed Donald
 45995 | Elf:1    | Killed Donald
 46001 | Elf:1    | Noticed Nikola
 46017 | Elf:1    | Killed Nikola
 46644 | Elf:2    | Found a huge runed gate.
 46644 | Elf:2    | Found a huge runed gate.
 46644 | Elf:2    | Found a huge runed gate.
 46645 | Elf:2    | Found a huge runed gate.
 46646 | Elf:2    | Found a huge runed gate.
 46924 | Elf:2    | Reached skill level 20 in Fighting
 47212 | Elf:2    | Reached XP level 20. HP: 118/140 MP: 20/20
 47580 | Elf:1    | Received a gift from Okawaru
 48001 | Slime:1  | Entered Level 1 of the Pits of Slime
 50243 | Slime:3  | Received a gift from Okawaru
 50483 | Slime:3  | Reached skill level 21 in Fighting
 52069 | Slime:6  | Entered Level 6 of the Pits of Slime
 52262 | Slime:6  | Found a viscous altar of Jiyva.
 52269 | Slime:6  | Noticed the royal jelly
 52423 | Slime:5  | Received a gift from Okawaru
 53020 | Slime:6  | Reached XP level 21. HP: 91/149 MP: 21/21
 53276 | Slime:6  | Killed the royal jelly
 53278 | Slime:6  | HP: 5/225 [azure jelly (10)]
 53279 | Slime:6  | HP: 1/225 [azure jelly[the royal jelly] (4)]
 53280 | Slime:6  | Killed from afar by an acid blob

Vault maps used:
D:1:      eino_arrival_water_star, minmay_fountain_box
D:2:      bh_walls_and_bars, uniq_robin, uniq_natasha
D:3:      minitemple, tgw_sif
D:4:      first_bread, uniq_pikel, uniq_edmund
D:5:      minmay_lizard_king
D:6:      hangedman_cross_stitches, columned_hall_lemuel,
          minmay_item_behind_shaft, roderic_lattice_a, minivault_26
D:7:      minmay_temple_entry_statues, kennysheep_nub, the_bakery
D:8:      lemuel_crystal_altar, special_room, uniq_erica, uniq_grum
D:9:      serial_shops, shop
D:10:     lemuel_insect_pit, lair_0_dummy, david_orc_3
D:11:     uniq_maurice
D:12:     serial_shops, kennysheep_mini, uniq_azrael, uniq_frances
D:13:     basic_altar, evilmike_butchery
D:14:     david_vaults_5
D:15:     hangedman_depths_entry_try_elsewhere_first, minivault_26, spider_trap
Temple:   eino_narrow_crystal_temple_a_12
Lair:1:   uniq_gastronok, uniq_nergalle
Lair:2:   lemuel_centaur_altar, lemuel_fruit_tree
Lair:3:   enter_volcano_2, uniq_rupert
Lair:4:   swamp_mist, minmay_snake_entry_guardpost_medium
Lair:6:   serial_bayou_shore_a, grunt_megastairs_4
Lair:7:   gammafunk_lair_enchanted_lake, minmay_slime_entry_oklob_enclosed,
          grunt_megastairs_3, uniq_nessos
Lair:8:   guppyfry_lair_end_dragon, wormcave, nicolae_slime_entry_slimehenge
Swamp:1:  evilmike_swamp_ruin_house_6
Swamp:2:  evilmike_swamp_ruin_rubble_2, swamp_pool2, nicolae_swamp_stair_fork
Swamp:3:  evilmike_swamp_ruin_house_1, swamp_pool4
Swamp:4:  swamp
Snake:1:  uniq_aizul
Snake:2:  st_stairs_3, spider_trap, uniq_vashnia
Snake:3:  uniq_agnes
Snake:4:  snake_pit_salamanders_mu
Slime:2:  nicolae_slime_jelly_donut
Slime:4:  nicolae_slime_barrier, cheibrodos_slime_lost_civilization_5
Orc:2:    serial_shops, shop_fountains, mines2_lemuel
Orc:3:    nicolae_orc_pool_cavern, nicolae_orc_lost_temple, uniq_maud
Orc:4:    st_orc_ogre_mass, serial_shops, shop, nicolae_for_you_no_charge
Elf:1:    minmay_elf_arrival_summoners, basic_altar, minmay_elf_necromancy,
          fountainhead, uniq_donald, uniq_nikola
Elf:2:    portal_ice_cave_demonic_guard, nicolae_elf_v_pinch
Volcano:  volcano_bunker

Action                   |  1- 3 |  4- 6 |  7- 9 | 10-12 | 13-15 | 16-18 | 19-21 || total
-------------------------+-------+-------+-------+-------+-------+-------+-------++-------
Melee: Flail             |   136 |   230 |   359 |  1139 |  2045 |   668 |       ||  4577
       Great mace        |       |       |       |       |    31 |       |       ||    31
       Demon whip        |       |       |       |       |       |  1624 |  1540 ||  3164
Throw: Throwing net      |       |       |       |     1 |     1 |       |       ||     2
Invok: Heroism           |       |       |       |     5 |     8 |     7 |     5 ||    25
 Abil: Fly               |       |       |       |       |     1 |     2 |       ||     3
       Stop Flying       |       |       |       |       |       |     1 |       ||     1
  Use: Scroll            |     4 |     6 |     7 |    12 |    18 |    10 |     2 ||    59
       Potion            |     1 |     1 |     2 |     2 |     9 |     2 |     7 ||    24
 Stab: Invisible         |       |       |     2 |       |       |       |       ||     2
       Held in net/web   |       |       |       |     2 |     1 |       |       ||     3
  Eat: Chunk             |     1 |     6 |     8 |    14 |    31 |     5 |       ||    65
       Royal jelly       |       |     1 |       |       |     1 |     1 |       ||     3
       Bread ration      |       |       |     1 |     2 |     1 |     3 |     5 ||    12
       Beef jerky        |       |       |       |     2 |       |    11 |       ||    13
       Fruit             |       |       |       |     1 |    10 |     2 |     4 ||    17
       Meat ration       |       |       |       |       |     1 |     1 |     1 ||     3
       Pizza             |       |       |       |       |     1 |     2 |       ||     3
